 Dungeon Crawl Stone Soup version 0.21.1-1-g345015f (webtiles) character file.

32 letownia2 the Charmwright (level 3, -15/27 HPs)
             Began as a Merfolk Skald on Mar 14, 2018.
             Demolished by Mirai's ghost (16 damage)
             ... on level 3 of the Dungeon.
             The game lasted 00:01:26 (255 turns).

letownia2 the Charmwright (Merfolk Skald)            Turns: 255, Time: 00:01:27

Health: -15/27     AC:  3    Str: 11    XL:     3   Next: 27%
Magic:  6/6        EV: 12    Int: 13    God:
Gold:   26         SH:  0    Dex: 13    Spells: 0/6 levels left

rFire    . . .     SeeInvis .   a - +0 spear
rCold    . . .     Gourm    .   (no shield)
rNeg     . . .     Faith    .   b - +0 leather armour
rPois    .         Spirit   .   (no helmet)
rElec    .         Reflect  .   (no cloak)
rCorr    .         Harm     .   (no gloves)
MR       .....                  (no boots)
Stlth    +.........             (no amulet)
HPRegen  0.09/turn              (no ring)
MPRegen  0.10/turn              (no ring)

@: no status effects
A: change form in water, swift swim, stealthy swim
a: no special abilities


You were on level 3 of the Dungeon.
You were not hungry.

You visited 1 branch of the dungeon, and saw 3 of its levels.

You collected 26 gold pieces.

Inventory:

Hand Weapons
 a - a +0 spear (weapon)
Armour
 b - a +0 leather armour (worn)
Jewellery
 f - a cursed ring of loudness {unknown}
Scrolls
 g - a scroll of blinking {unknown}
Potions
 e - a potion of haste {unknown}
Books
 c - a book of Battle

   Spells                             Type                      Level
   a - Infusion                       Charms                       1
   b - Shroud of Golubria             Charms/Translocation         2
   c - Song of Slaying                Charms                       2
   d - Spectral Weapon                Hexes/Charms                 3
   e - Regeneration                   Charms/Necromancy            3
Comestibles
 d - 2 rations


   Skills:
 - Level 2.1 Fighting
 - Level 3.0 Polearms
 - Level 0.6 Armour
 - Level 2.6 Dodging
 - Level 2.0 Spellcasting
 * Level 0.0 Hexes
 + Level 4.1 Charms
 - Level 1.4 Translocations


You couldn't memorise any spells.
You knew the following spells:

 Your Spells              Type           Power        Failure   Level  Hunger
a - Infusion              Chrm           ##..         6%          1    ##.....
t - Shroud of Golubria    Chrm/Tloc      #.........   16%         2    ###....
x - Spectral Weapon       Hex/Chrm       #.......     41%         3    ####...


Dungeon Overview and Level Annotations

Branches:
Dungeon (3/15)

Altars:
Fedhas

Annotations:
D:3 Mirai's ghost, amateur DsFi


Message History

Found a chain mail.
Mirai's ghost barely misses you. Mirai's ghost hits you.
You see here 10 gold pieces.
You hit Mirai's ghost but do no damage.
Mirai's ghost is lightly damaged.
Mirai's ghost hits you.
You barely miss Mirai's ghost.
Mirai's ghost is lightly damaged.
Mirai's ghost hits you.
* * * LOW HITPOINT WARNING * * *
You hit Mirai's ghost.
Mirai's ghost is lightly damaged.
Mirai's ghost hits you.
* * * LOW HITPOINT WARNING * * *
You hit Mirai's ghost but do no damage.
Mirai's ghost is lightly damaged.
Mirai's ghost hits you!
Ouch! That really hurt!
You die...

.... #.... ##. +.... #.
##....### ## #.......#
+..[....# ###### ###
#.......+ #....# ..#
#.......# #.##.# #.#
#.....@.# <.. #.#####.#
#.....W.##.#. #.##....#
#.(.....#######........
#....................##
#.......########.....#
#.......# #.###.#
#####.### #.# #.# ...
#.# #.# #### #.# #.#


You could see Mirai's ghost.

Vanquished Creatures
  3 adders
  2 bats
  A goblin (D:2)
  A frilled lizard (D:2)
  A kobold (D:3)
8 creatures vanquished.

Notes
Turn   | Place    | Note
-------+----------+-------------------------------------------
     0 | D:1      | letownia2 the Merfolk Skald began the quest for the Orb.
     0 | D:1      | Reached XP level 1. HP: 16/16 MP: 3/3
   101 | D:2      | Reached skill level 4 in Charms
   101 | D:2      | Reached XP level 2. HP: 19/22 MP: 0/5
   107 | D:2      | Learned a level 2 spell: Shroud of Golubria
   176 | D:3      | Reached skill level 1 in Translocations
   176 | D:3      | Reached XP level 3. HP: 22/27 MP: 1/6
   189 | D:3      | Learned a level 3 spell: Spectral Weapon
   191 | D:3      | Found a blossoming altar of Fedhas.
   232 | D:3      | Noticed Mirai's ghost (amateur DsFi)
   254 | D:3      | HP: 1/27 [Mirai's ghost (6)]
   255 | D:3      | Demolished by Mirai's ghost

Skill      XL: |  1  2 |
---------------+-------+-----
Charms         | 4 |  4.1
Translocations | 1 |  1.4
Fighting       | |  2.1
Polearms       | |  3.0
Armour         | |  0.6
Dodging        | |  2.6
Spellcasting   | |  2.0

Action                   || total
-------------------------++-------
Melee: Spear             ||    31
 Cast: Infusion          ||     6
Armor: Leather armour    ||     3
Dodge: Dodged            ||    14
